 Dungeon Crawl Stone Soup version 0.30-a0-297-g0ec75d9ef4 (webtiles) character file.

Game seed: 2930271851691586617

588 lunkers the Cutter (level 7, -5/61 HPs)
             Began as a Meteoran Wanderer on Oct 19, 2022.
             Was an Initiate of Ru.
             Killed by an exploding butterfly (27 damage)
             ... ignited by their inner flame
             ... on level 5 of the Dungeon.
             The game lasted 00:04:15 (1912 turns).

lunkers the Cutter (Meteoran Wanderer)              Turns: 1912, Time: 00:04:15

Health: -5/61      AC:  8    Str: 12    XL:     7   Next: 98%
Magic:  10/10      EV: 14    Int: 15    God:    Ru [......]
Gold:   250        SH:  0    Dex: 22    Spells: 7/8 levels left

rFire   . . .      SeeInvis +    b - +1 dagger (holy)
rCold   . . .      Faith    .    (no shield)
rNeg    . . .      Spirit   .    o - +4 leather armour "Otothrary" {SInv Stlth+}
rPois   .          Reflect  .    s - +0 helmet
rElec   .          Harm     .    (no cloak)
rCorr   .          Rampage  .    (no gloves)
Will    .....                    (no boots)
Stlth   +.........               A - amulet of magic regeneration
HPRegen 0.30/turn                j - +6 ring of dexterity
MPRegen 0.52/turn                (no ring)

@: about to teleport, glowing
A: sense surroundings 1, otherworldly, glowing, explore regen
a: Renounce Religion


You were on level 5 of the Dungeon.
You worshipped Ru.
Ru was noncommittal.
You visited 1 branch of the dungeon, and saw 5 of its levels.

You collected 250 gold pieces.

Inventory:

Hand Weapons
 a - a +0 short sword of venom
 b - a +1 dagger of holy wrath (weapon)
 e - a +2 whip of venom
 f - a +1 long sword
 k - a +0 great sword
Armour
 c - a +0 robe
 o - the +4 leather armour "Otothrary" (worn) {SInv Stlth+}
   (You found it on level 2 of the Dungeon)

   SInv:      It lets you see invisible.
   Stlth:     It makes you more stealthy.
 s - a +0 helmet (worn)
Jewellery
 j - a +6 ring of dexterity (left hand)
 A - an amulet of magic regeneration (around neck)
Wands
 y - a wand of flame (14)
 C - a wand of digging (6)
Scrolls
 i - a scroll of teleportation
 v - a scroll of vulnerability
Potions
 h - a potion of lignification {unknown}
 l - a potion of brilliance {unknown}
 n - 2 potions of attraction
 q - 3 potions of mutation
 r - a potion of heal wounds {unknown}
 t - a potion of curing {unknown}
 u - a potion of degeneration {unknown}
 w - 2 potions of ambrosia
 x - a potion of flight {unknown}
 B - a potion of resistance {unknown}


   Skills:
 + Level 5.1 Fighting
 - Level 5.6(6.0) Short Blades
 - Level 3.2(5.1) Long Blades
 + Level 4.3 Dodging
 - Level 1.3 Spellcasting
 - Level 2.4 Ice Magic
 - Level 1.2 Invocations


You had 7 spell levels left.
You knew the following spells:

 Your Spells              Type           Power      Damage    Failure   Level
p - Freeze                Ice            32%        1d5       11%         1

Your spell library contained the following spells:

 Spells                   Type           Power      Damage    Failure   Level
 Apportation              Tloc           2%         N/A       30%         1
 Hailstorm                Conj/Ice       4%         3d4       50%         3
 Ignite Poison            Fire/Tmut/Pois 1%         N/A       65%         3
 Kindle Blastsparks       Fire/Tloc/Air  2%         2d10      65%         3
 Freezing Cloud           Conj/Ice/Air   1%         6-21      99%         5
 Alistair's Intoxication  Tmut/Pois      0%         N/A       100%        5


Dungeon Overview and Level Annotations

Branches:
Dungeon (5/15) Zot: 1115
 Temple: D:4-7

Altars:
Ashenzari
Dithmenos
Hepliaklqana
Kikubaaqudgha
Nemelex Xobeh
Okawaru
Qazlal
Ru
Wu Jian


Innate Abilities, Weirdness & Mutations

You passively map a small area around you.
You are easily found by Zot.
You glow in the dark.
You regain HP and MP as you explore.


Message History

The fiery explosion engulfs your butterfly!
Your butterfly disappears in a burst of colours!
The fiery explosion engulfs your butterfly!!
Your butterfly disappears in a burst of colours!
The fiery explosion engulfs your butterfly!!
Your butterfly disappears in a burst of colours!
Your butterfly explodes! x2
The fiery explosion engulfs your butterfly!!
Your butterfly disappears in a burst of colours!
Your butterfly explodes!
The fiery explosion engulfs your butterfly!!
Your butterfly disappears in a burst of colours!
The fiery explosion engulfs you!
* * * LOW HITPOINT WARNING * * *
The fiery explosion engulfs your butterfly!!
Your butterfly disappears in a burst of colours!
The fiery explosion engulfs your butterfly!!
Your butterfly disappears in a burst of colours!
Your butterfly explodes!
The fiery explosion engulfs your butterfly!
Your butterfly disappears in a burst of colours!
The fiery explosion engulfs your butterfly!!
Your butterfly disappears in a burst of colours!
The fiery explosion engulfs your butterfly!!
Your butterfly disappears in a burst of colours!
The fiery explosion engulfs your butterfly!!
Your butterfly disappears in a burst of colours!
Your butterfly explodes! x4
The fiery explosion engulfs your butterfly!!
Your butterfly disappears in a burst of colours!
Your butterfly explodes!
The fiery explosion engulfs your butterfly!!
Your butterfly disappears in a burst of colours!
Your butterfly explodes!
The fiery explosion engulfs your butterfly!!
Your butterfly disappears in a burst of colours!
The fiery explosion engulfs your butterfly!
Your butterfly disappears in a burst of colours!
The fiery explosion engulfs you!!
You die...

* ## * , , §§§
##### *
§§§##§§b§ , ,, *
§§§§bb#§## * * ,
§§b§§§§##### 8
#b§§§§§§§§# ,
#§§§§§§§§b#
.###b§§@§§§§§##*
,,
§§§b§§§§§§§b§§#
**
§§§§b§§§§§§§§§§,
§§bbb§§§§§§##§§
, §§#b§bb§§§§##
# §§§§#§§§b§§§#
* , ,
§§§§##§§§§§§## ,
§###≈§§§§§§§§# ,
~ ≈≈#≈≈~~..#)##


There were no monsters in sight!

Vanquished Creatures
  Grinder (D:5)
  An ice beast (D:5)
  A kobold brigand (D:4)
  An orc priest (D:3)
  A hound (D:5)
  A jelly (D:5)
  An orc wizard (D:3)
  2 adders (D:2)
  2 worms (D:2)
  6 dart slugs
  7 orcs
  3 endoplasms
  4 goblins
  6 hobgoblins
  29 kobolds
  A quokka (D:3)
  2 ball pythons
  4 bats
  4 frilled lizards
  5 rats
82 creatures vanquished.

Vanquished Creatures (others)
  11 plants (D:4)
11 creatures vanquished.

Grand Total: 93 creatures vanquished

Notes
Turn   | Place    | Note
-------+----------+-------------------------------------------
     0 | D:1      | lunkers the Meteoran Wanderer began the quest for the Orb.
     0 | D:1      | lunkers set off with the following items: a +1 long sword,
                  | a scroll of vulnerability, a +0 robe; and the following
                  | spell memorised: Freeze; and the following spells available
                  | to memorise: Hailstorm.
     0 | D:1      | Reached XP level 1. HP: 19/19 MP: 3/3
   107 | D:1      | Reached XP level 2. HP: 16/26 MP: 5/5
   198 | D:1      | HP: 1/26 [poisoned by a kobold]
   431 | D:2      | Reached skill level 1 in Short Blades
   431 | D:2      | Reached XP level 3. HP: 25/31 MP: 6/6
   565 | D:2      | Reached XP level 4. HP: 27/38 MP: 7/7
   771 | D:2      | Identified the +4 leather armour "Otothrary" {SInv Stlth+}
  1031 | D:3      | Reached XP level 5. HP: 18/45 MP: 8/8
  1147 | D:3      | Found an ornate altar of the Wu Jian Council.
  1149 | D:3      | Found a stormy altar of Qazlal.
  1154 | D:3      | Found an ancient bone altar of Kikubaaqudgha.
  1154 | D:3      | Found a shadowy altar of Dithmenos.
  1154 | D:3      | Found an iron altar of Okawaru.
  1156 | D:3      | Found a sacrificial altar of Ru.
  1157 | D:3      | Found a hazy altar of Hepliaklqana.
  1158 | D:3      | Found a broken altar of Ashenzari.
  1166 | D:3      | Became a worshipper of Ru the Awakened
  1260 | D:3      | Found a faded altar of an unknown god.
  1264 | D:3      | Found a sparkling altar of Nemelex Xobeh.
  1416 | D:4      | Noticed a kobold brigand
  1462 | D:4      | Killed a kobold brigand
  1463 | D:4      | Reached skill level 5 in Short Blades
  1463 | D:4      | Reached XP level 6. HP: 38/51 MP: 9/9
  1729 | D:5      | Entered Level 5 of the Dungeon
  1730 | D:5      | Noticed an ice beast
  1748 | D:5      | Killed an ice beast
  1749 | D:5      | Reached XP level 7. HP: 13/58 MP: 10/10
  1875 | D:5      | Noticed Grinder
  1902 | D:5      | Killed Grinder
  1903 | D:5      | Reached skill level 5 in Fighting
  1912 | D:5      | Killed by an exploding butterfly... ignited by their inner
                  | flame

Illustrated notes

Levels and vault maps discovered:
D:1:      denvon_arrival_planthouse, layout_basic, solitary_fountain,
          hangedman_decor_push, serial_bayou_pond_e, nrook_campfire
D:2:      layout_loops_ring, minmay_circle_x
D:3:      layout_loops_ring, nicolae_overflow_ecumenical_swirl, minitemple,
          minmay_pentangle
D:4:      kennysheep_kobold_camp, layout_basic, vehumet_statue
D:5:      kennysheep_slugbush, layout_rooms,
          mainiacjoe_overflow_surrounded_room, gammafunk_ghost_mausoleum,
          uniq_menkaure, uniq_crazy_yiuf_cottage, uniq_grinder

Skill      XL: |  1  2  3  4  5  6  7 |
---------------+----------------------+-----
Long Blades    | 3 |  3.2
Short Blades   | 1 2 3 5 |  5.6
Dodging        | 2 4 |  4.3
Fighting       | 5 |  5.1
Spellcasting   | |  1.3
Ice Magic      | |  2.4
Invocations    | |  1.2

Action                   |  1- 3 |  4- 6 |  7- 9 || total
-------------------------+-------+-------+-------++-------
Melee: Long sword        |    23 |       |       ||    23
       Short sword       |    32 |   151 |    38 ||   221
       Punch             |       |     2 |     2 ||     4
       Dagger            |       |       |    19 ||    19
 Cast: Freeze            |     3 |       |       ||     3
Evoke: Wand              |       |     2 |       ||     2
  Use: Potion            |     1 |     1 |       ||     2
       Scroll            |       |       |     8 ||     8
 Stab: Sleeping          |       |     2 |       ||     2
Armor: Robe              |    14 |     1 |       ||    15
       Leather armour    |       |    69 |    16 ||    85
Dodge: Dodged            |    21 |    49 |    14 ||    84

Table legend: (Time is in decaauts)
 A = Elapsed time spent in this place.
 B = Non-inter-level travel time spent in this place.
 C = Inter-level travel time spent in this place.
 D = Time resting spent in this place.
 E = Time spent auto-exploring this place.
 F = Levels seen in this place.
 G = Mean time per level.
                   A        B        C        D        E       F      G
               +--------+--------+--------+--------+--------+-----+--------+
         Total |   1883 |   1797 |     86 |      0 |   1236 |   5 |  376.6 |
       Dungeon |   1883 |   1797 |     86 |      0 |   1236 |   5 |  376.6 |
               +--------+--------+--------+--------+--------+-----+--------+

Top non-repeatable levels by time:
     D:2: 468 daAuts
     D:3: 459 daAuts
     D:1: 435 daAuts
     D:4: 347 daAuts
     D:5: 173 daAuts
